 Dungeon Crawl Stone Soup version 0.23.2-1-ga50397a6bc (webtiles) character file.

Game seed: 5116296249607396642

214 Menchi the Stinger (level 5, -1/73 HPs)
             Began as a Naga Venom Mage on May 18, 2019.
             Slain by a goblin (6 damage)
             ... led by Robin
             ... on level 2 of the Dungeon.
             The game lasted 00:06:41 (1671 turns).

Menchi the Stinger (Naga Venom Mage)                Turns: 1671, Time: 00:06:41

Health: -1/73      AC:  4    Str: 16    XL:     5   Next: 91%
Magic:  0/8        EV: 10    Int: 16    God:
Gold:   133        SH:  0    Dex: 11    Spells: 7/8 levels left

rFire    + . .     SeeInvis +   (no weapon)
rCold    + . .     Gourm    .   (no shield)
rNeg     . . .     Faith    .   a - +0 robe
rPois    +         Spirit   +   (no helmet)
rElec    .         Reflect  .   d - scarf {rC+ rF+}
rCorr    .         Harm     .   e - +1 pair of gloves
MR       .....                  (no barding)
Stlth    ..........             i - amulet of guardian spirit
HPRegen  0.22/turn              (no ring)
MPRegen  0.11/turn              (no ring)

@: berserking (expiring), quick
A: large, see invisible, deformed body, poison resistance, slowness 2, slow
metabolism 1, spit poison 1, AC +1
a: Spit Poison


You were on level 2 of the Dungeon.
You were hungry.

You visited 1 branch of the dungeon, and saw 2 of its levels.

You collected 133 gold pieces.

Inventory:

Hand Weapons
 l - a +2 scythe of venom
Armour
 a - a +0 robe (worn)
 d - a scarf of resistance (worn)
 e - a +1 pair of gloves (worn)
Jewellery
 i - an amulet of guardian spirit (around neck)
Scrolls
 b - 3 scrolls of teleportation
Potions
 g - a potion of flight
 j - a potion of mutation {unknown}
 k - a potion of ambrosia {unknown}
Comestibles
 c - 2 rations


   Skills:
 * Level 3.2 Fighting
 + Level 3.0 Dodging
 - Level 3.0 Stealth
 - Level 2.0 Spellcasting
 - Level 1.0 Conjurations
 - Level 5.6 Poison Magic


You had 7 spell levels left.
You knew the following spells:

 Your Spells              Type           Power        Failure   Level  Hunger
a - Sting                 Conj/Pois      ##..         5%          1    #......

Your spell library contained the following spells:

 Spells                   Type           Power        Failure   Level  Hunger
 Poisonous Vapours        Pois/Air       ##....       10%         2    ###....
 Olgreb's Toxic Radiance  Pois           ###.....     21%         4    #####..
 Mephitic Cloud           Conj/Pois/Air  #.......     26%         3    ###....
 Venom Bolt               Conj/Pois      ##........   83%         5    ######.


Dungeon Overview and Level Annotations

Branches:
Dungeon (2/15)

Altars:

Annotations:
D:2 Robin


Innate Abilities, Weirdness & Mutations

You cannot wear boots.
Your serpentine skin is tough. (AC +1)
You have supernaturally acute eyesight. (SInv)
Armour fits poorly on your strangely shaped body.
Your system is resistant to poisons. (rPois)
You cover ground very slowly.
You have a slow metabolism.
You can spit poison.


Message History

The goblin is heavily wounded.
Robin throws the goblin at you!
* * * LOW HITPOINT WARNING * * *
The goblin hits you.
* * * LOW HITPOINT WARNING * * *
You punch the goblin!
You kill the goblin!
The goblin hits you with a +0 dagger.
* * * LOW HITPOINT WARNING * * *
You punch the goblin!
You kill the goblin!
You barely miss the goblin. The goblin barely misses you.
You punch the goblin!
You kill the goblin!
You barely miss the goblin. The goblin closely misses you.
You miss the goblin. Robin throws the goblin at you!
The goblin hits you with a +0 club.
* * * LOW HITPOINT WARNING * * *
The goblin hits you.
You die...

..# .g.... ..
#.... . #g...
###### #
.##..). #....#
#
....).)###....#
##
.!..........^.#
≈##
.######gg.(...#
≈≈#
#g##....######
≈≈#
#@##....>....#
≈≈#
#g##.........#
≈≈#. .#
...##.........#
≈##.##.#..#
#........######
## ..#.#..#
#.######.# #
#.#.#..# #. #.#
## ...#..# #.
####'####
.####..#..# ..
#.......#
....#..#..##
####.......#


You could see Robin, a hobgoblin and 2 goblins.

Vanquished Creatures
  Sigmund (D:2)
  An ooze (D:1)
  A dart slug (D:1)
  A leopard gecko (D:1)
  2 bats
  2 giant cockroaches (D:1)
  15 goblins
  7 hobgoblins
  4 jackals (D:1)
  2 ball pythons
  4 frilled lizards (D:1)
  8 kobolds
  2 rats (D:1)
50 creatures vanquished.

Notes
Turn   | Place    | Note
-------+----------+-------------------------------------------
     0 | D:1      | Menchi the Naga Venom Mage began the quest for the Orb.
     0 | D:1      | Reached XP level 1. HP: 15/15 MP: 3/3
   133 | D:1      | Reached XP level 2. HP: 22/22 MP: 5/5
   275 | D:1      | Reached skill level 5 in Poison Magic
   498 | D:1      | Reached XP level 3. HP: 28/28 MP: 4/6
  1532 | D:2      | Noticed Sigmund
  1545 | D:2      | Killed Sigmund
  1545 | D:2      | Reached XP level 4. HP: 23/42 MP: 0/7
  1545 | D:2      | Reached XP level 5. HP: 27/49 MP: 0/8
  1646 | D:2      | Noticed Robin
  1671 | D:2      | Slain by a goblin

Skill      XL: |  1  2  3 |
---------------+----------+-----
Dodging        | 2 3 |  3.0
Poison Magic   | 5 |  5.6
Fighting       | 3 |  3.2
Stealth        | |  3.0
Spellcasting   | |  2.0
Conjurations   | |  1.0

Action                   |  1- 3 |  4- 6 || total
-------------------------+-------+-------++-------
Melee: Unarmed           |    36 |    18 ||    54
 Cast: Sting             |    52 |     7 ||    59
 Abil: Spit Poison       |    18 |       ||    18
  Use: Scroll            |     5 |       ||     5
       Potion            |       |     1 ||     1
 Stab: Sleeping          |     2 |       ||     2
  Eat: Chunk             |     3 |       ||     3
Armor: Robe              |     9 |     5 ||    14
Dodge: Dodged            |    30 |    12 ||    42
